 Dungeon Crawl Stone Soup version 0.20-a0-850-ge5a7832 (webtiles) character file.

414 dvd the Stinger (level 6, -2/37 HPs)
             Began as an Octopode Venom Mage on Mar 10, 2017.
             Slain by a white imp (3 damage)
             ... summoned by Eustachio
             ... on level 4 of the Dungeon.
             The game lasted 00:08:59 (3273 turns).

dvd the Stinger (Octopode Venom Mage)               Turns: 3273, Time: 00:09:00

Health: -2/37      AC:  1    Str:  7    XL:     6   Next: 91%
Magic:  11/11      EV: 14    Int: 19    God:
Gold:   192        SH:  0    Dex: 13    Spells: 5/12 levels left

rFire    . . .     SeeInvis .   b - +0 rapier
rCold    . . .     Gourm    .   (no shield)
rNeg     . . .     Faith    .   (helmet restricted)
rPois    .         Spirit   .   (no amulet)
rElec    .         Reflect  .   (no ring)
rCorr    .         Harm     .   (no ring)
MR       .....                  (no ring)
Stlth    ++++......             (no ring)
Regen    0.2/turn               (no ring)
MPRegen  0.2/turn               (no ring)
                                (no ring)
                                (no ring)

@: flying
A: almost no armour, stealthy swim, amphibious, 8 rings, constrict 8, camouflage
1, gelatinous body 1
a: no special abilities


You were on level 4 of the Dungeon.
You were not hungry.

You visited 1 branch of the dungeon, and saw 4 of its levels.

You collected 192 gold pieces.

Inventory:

Hand Weapons
 a - a +0 mace
 b - a +0 rapier (weapon)
 c - a +0 war axe
Scrolls
 f - 2 scrolls of identify {unknown}
 g - 2 scrolls of amnesia {unknown}
 i - 2 scrolls of random uselessness {unknown}
 j - a scroll of noise {unknown}
 l - 2 scrolls of enchant weapon {unknown}
 m - 2 scrolls of teleportation {unknown}
Potions
 e - a potion of flight
Books
 p - a Young Poisoner's Handbook

   Spells                             Type                      Level
   a - Sting                          Conjuration/Poison           1
   b - Poisonous Vapours              Poison/Air                   2
   c - Mephitic Cloud                 Conjuration/Poison/Air       3
   d - Olgreb's Toxic Radiance        Poison                       4
   e - Venom Bolt                     Conjuration/Poison           5
Comestibles
 d - 2 royal jellies
 h - 7 fruits
 k - 2 meat rations
 n - 5 chunks of flesh
 o - 2 bread rations


   Skills:
 + Level 0.6 Fighting
 + Level 0.2 Maces & Flails
 + Level 2.4 Dodging
 + Level 4.5 Stealth
 + Level 0.2 Unarmed Combat
 + Level 3.6 Spellcasting
 + Level 1.3 Conjurations
 + Level 2.7 Air Magic
 + Level 5.7 Poison Magic


You had 5 spell levels left.
You knew the following spells:

 Your Spells              Type           Power        Failure   Level  Hunger
a - Sting                 Conj/Pois      ###.         4%          1    None
b - Poisonous Vapours     Pois/Air       ###...       4%          2    ##.....
c - Olgreb's Toxic Radia  Pois           ####....     14%         4    ####...


Dungeon Overview and Level Annotations

Branches:
Dungeon (4/15)
 Temple: D:4-7

Altars:
Gozag
Trog

Annotations:
D:4 Eustachio


Innate Abilities, Weirdness & Mutations

You cannot wear most types of armour.
You are very stealthy in the water. (Stealth+)
You are amphibious.
You can wear up to eight rings at the same time.
You can use your tentacles to constrict eight enemies at once.
Your skin changes colour to match your surroundings (Stealth+).
Your rubbery body absorbs attacks. (AC +1, EV +1)


Message History

* * * LOW HITPOINT WARNING * * *
The white imp freezes you.
* * * LOW HITPOINT WARNING * * *
Unknown command.
Unknown command.
Okay, then.
Unknown command.
Okay, then.
Unknown command.
Unknown command.
Okay, then.
You barely miss Eustachio. You squeeze Eustachio.
Eustachio is moderately wounded.
You constrict Eustachio.
Eustachio mumbles some strange words.
Eustachio blinks free!
The rat completely misses you. The white imp completely misses you.
Some of the chunks of flesh in your inventory have rotted away.
The rat closely misses you. The white imp hits you.
You die...

#.......... .##.. ..
..........# .... . .#
..[.......# ##..#.. ..
............## ...#..
...#............###..#...
...... #.....#...........
......#####....#...#.##
.......5r...##........#
........@.####........#
.....5@5#.# ##........#
#.#....##.# #......)..#
#.... #.###........<#
...... #......##.....###
###...# ......#.........#
#... ..#...†.......#..
.... ..##.##.>.....##.
..... #..#.....# .


You could see Eustachio, an iron imp, a white imp, a shadow imp and a rat.

Vanquished Creatures
  Sigmund (D:2)
  A scorpion (D:4)
  A worker ant (D:4)
  3 gnolls
  A howler monkey skeleton (D:4)
  5 adders
  2 shadow imps (D:3)
  An ooze (D:1)
  2 worms
  A dart slug (D:2)
  A leopard gecko (D:3)
  5 orcs (D:3)
  7 giant cockroaches
  7 hobgoblins
  5 kobolds
  A quokka (D:3)
  11 bats
  5 frilled lizards
  8 goblins
  2 rats
70 creatures vanquished.

Notes
Turn   | Place    | Note
-------+----------+-------------------------------------------
     0 | D:1      | dvd the Octopode Venom Mage began the quest for the Orb.
     0 | D:1      | Reached XP level 1. HP: 11/11 MP: 3/3
   224 | D:1      | Reached XP level 2. HP: 17/17 MP: 1/5
   228 | D:1      | Learned a level 2 spell: Poisonous Vapours
   307 | D:1      | Reached skill level 4 in Poison Magic
  1039 | D:2      | Reached XP level 3. HP: 21/21 MP: 1/6
  1082 | D:2      | Found an opulent altar of Gozag.
  1484 | D:2      | Found a bloodstained altar of Trog.
  1488 | D:2      | Reached XP level 4. HP: 15/27 MP: 5/8
  1803 | D:2      | Noticed Sigmund
  1821 | D:2      | Killed Sigmund
  1821 | D:2      | Reached skill level 5 in Poison Magic
  1821 | D:2      | Reached XP level 5. HP: 30/32 MP: 4/10
  1821 | D:2      | Reached XP level 6. HP: 34/37 MP: 4/11
  1832 | D:2      | Learned a level 4 spell: Olgreb's Toxic Radiance
  3264 | D:4      | Noticed Eustachio
  3271 | D:4      | HP: 1/37 [white imp[Eustachio] (3)]
  3273 | D:4      | Slain by a white imp

Vault maps used:
D:1:      minmay_arrival_four_houses
D:2:      old_standard_altar, kennysheep_crisscross, trog_book, uniq_sigmund
D:4:      grunt_temple_overflow_open, uniq_edmund, uniq_eustachio

Skill      XL: |  1  2  3  4  5  6 |
---------------+-------------------+-----
Poison Magic   | 4 5 |  5.7
Stealth        | 3 4 |  4.5
Spellcasting   | 3 |  3.6
Air Magic      | 2 |  2.7
Fighting       | |  0.6
Maces & Flails | |  0.2
Dodging        | |  2.4
Unarmed Combat | |  0.2
Conjurations   | |  1.3

Action                   |  1- 3 |  4- 6 || total
-------------------------+-------+-------++-------
Melee: Unarmed           |    13 |       ||    13
       Tentacles         |     4 |     9 ||    13
       Constrict         |     5 |    10 ||    15
       Mace              |    16 |    12 ||    28
       Rapier            |       |    25 ||    25
 Cast: Sting             |    11 |     6 ||    17
       Poisonous Vapours |    23 |    22 ||    45
       Olgreb's Toxic Ra |       |     4 ||     4
  Use: Potion            |       |     1 ||     1
 Stab: Sleeping          |     2 |     4 ||     6
       Distracted        |       |     1 ||     1
  Eat: Chunk             |     3 |     8 ||    11
Armor: Skin              |     6 |     3 ||     9
Dodge: Dodged            |    28 |    23 ||    51
